[Event "Titled Tuesday Blitz November 15 Early 2022"]
[White "Aaditya Dhingra"]
[Black "Dilmukhametov, Artur"]
[WhiteFideId "25678191"]
[BlackFideId "24179922"]
[WhiteElo "2054"]
[BlackElo "2197"]
[Result "1-0"]
[Round "01"]
[TimeControl "180+1"]
[Date "2022.11.16"]
[WhiteClock "0:01:42"]
[BlackClock "0:00:48"]

1. Nf3 Nf6 2. g3 d5 3. Bg2 Bf5 4. O-O Nc6 5. d3 e6 6. Nbd2 Bd6 7. Re1 O-O 8. e4 dxe4 9. dxe4 Bg4 10. h3 Bxf3 11. Nxf3 e5 12. c3 Qe7 13. Nh4 g6 14. Qf3 Rad8 15. Bg5 Qd7 16. Bxf6 Be7 17. Bxe7 Qxe7 18. Qe3 g5 19. Nf5 Qf6 20. Rad1 Kh8 21. Bf1 a6 22. Bc4 b5 23. Bd5 Ne7 24. Nxe7 Qxe7 25. Kg2 Rd7 26. Bb3 Rfd8 27. Rxd7 Rxd7 28. Rh1 Rd6 29. h4 g4 30. h5 Qf6 31. Bd1 h6 32. Bxg4 Kg7 33. Bf5 c6 34. Rh4 Rd8 35. Rg4+ Kf8 36. Qc5+ Ke8 37. Rg8# 1-0


[Site "https://www.chess.com"]

[Event "Titled Tuesday Blitz November 15 Early 2022"]
[White "Abhishek, Das"]
[Black "Goroshkov, Maksym"]
[WhiteFideId "5013348"]
[BlackFideId "14142716"]
[WhiteElo "2230"]
[BlackElo "2257"]
[Result "1-0"]
[Round "01"]
[TimeControl "180+1"]
[Date "2022.11.16"]
[WhiteClock "0:00:19"]
[BlackClock "0:00:29"]

1. e4 e5 2. Nf3 Nc6 3. Nc3 Nf6 4. Bb5 Bc5 5. O-O O-O 6. Nxe5 Nxe5 7. d4 Bd6 8. f4 Ng6 9. e5 c6 10. Bd3 Bb4 11. f5 Nh8 12. Bg5 Be7 13. exf6 Bxf6 14. Bxf6 Qxf6 15. Kh1 d5 16. Ne2 Qd6 17. f6 gxf6 18. Ng3 Ng6 19. Qd2 Bg4 20. Qh6 f5 21. Bxf5 Bxf5 22. Nh5 Qf6 23. Nxf6+ Kh8 24. Qxh7# 1-0


[Site "https://www.chess.com"]

[Event "Titled Tuesday Blitz November 15 Early 2022"]
[White "Golubova, Anna"]
[Black "Harsha Bharathakoti"]
[WhiteFideId "24173606"]
[BlackFideId "5078776"]
[WhiteElo "2047"]
[BlackElo "2523"]
[Result "0-1"]
[Round "01"]
[TimeControl "180+1"]
[Date "2022.11.16"]
[WhiteClock "0:00:31"]
[BlackClock "0:00:58"]

1. d4 Nf6 2. Nf3 g6 3. g3 b5 4. Bg2 Bb7 5. O-O Bg7 6. a4 b4 7. c4 a5 8. d5 O-O 9. Nbd2 Na6 10. Nb3 c6 11. d6 Re8 12. Bf4 Ne4 13. dxe7 Rxe7 14. Qc2 Qb6 15. Rad1 Nac5 16. Be3 d6 17. Nfd2 Nxd2 18. Bxc5 dxc5 19. Qxd2 Rae8 20. e3 Bc8 21. Qd6 Bxb2 22. Nxc5 Bg4 23. Rb1 Be5 24. Qxc6 Qxc6 25. Bxc6 Rc8 26. Nb7 Rxc6 27. Nxa5 Rc5 28. Nb3 Rxc4 29. Kg2 Bf5 30. Rbd1 Bc2 31. Rd8+ Kg7 32. Na5 Rc5 33. Ra8 Be4+ 34. f3 Bxa8 0-1


[Site "https://www.chess.com"]

[Event "Titled Tuesday Blitz November 15 Early 2022"]
[White "Ambartsumova, Karina"]
[Black "Johnson, Ben"]
[WhiteFideId "4166299"]
[BlackFideId "2010917"]
[WhiteElo "2319"]
[BlackElo "2122"]
[Result "1-0"]
[Round "01"]
[TimeControl "180+1"]
[Date "2022.11.16"]
[WhiteClock "0:01:20"]
[BlackClock "0:00:04"]

1. Nf3 d5 2. c4 e6 3. e3 Nf6 4. Nc3 c5 5. cxd5 exd5 6. d4 Nc6 7. Be2 Be7 8. O-O O-O 9. b3 b6 10. Bb2 Re8 11. dxc5 bxc5 12. Rc1 Bf5 13. Na4 Ne4 14. Bb5 Rc8 15. Ne5 Nxe5 16. Bxe8 Qxe8 17. Bxe5 Be6 18. Nc3 Nf6 19. Bxf6 Bxf6 20. Nxd5 Be5 21. Nf4 Bf5 22. Qf3 g6 23. Rfd1 Bg7 24. h3 Be4 25. Qe2 Be5 26. Qc4 Qe7 27. Qxe4 1-0


[Site "https://www.chess.com"]

[Event "Titled Tuesday Blitz November 15 Early 2022"]
[White "Andreikin, Dmitry"]
[Black "Krallis, Christos"]
[WhiteFideId "4158814"]
[BlackFideId "4298896"]
[WhiteElo "2736"]
[BlackElo "2243"]
[Result "1-0"]
[Round "01"]
[TimeControl "180+1"]
[Date "2022.11.15"]
[WhiteClock "0:01:21"]
[BlackClock "0:00:18"]

1. d4 Nf6 2. c4 e6 3. Nc3 d5 4. cxd5 exd5 5. Bf4 Bd6 6. Bxd6 Qxd6 7. e3 O-O 8. Bd3 c6 9. h3 Re8 10. Nge2 Nbd7 11. Qc2 Nf8 12. O-O-O a5 13. g4 b5 14. Ng3 a4 15. g5 N6d7 16. Nf5 Qb8 17. Ne2 Nb6 18. Nf4 Nc4 19. Rhg1 a3 20. Nh6+ gxh6 21. gxh6+ Kh8 22. b3 Nb2 23. Rg7 Nxd3+ 24. Qxd3 Qd6 25. Rdg1 Ng6 26. Rxf7 Rg8 27. h4 Bd7 28. h5 Be8 29. hxg6 Bxf7 30. g7+ Rxg7 31. hxg7+ Kg8 32. Qf5 Qb4 33. Kc2 Qd6 34. Rh1 Bg6 35. Nxg6 Qxg6 36. Qxg6 hxg6 37. Rh8+ 1-0


[Site "https://www.chess.com"]

[Event "Titled Tuesday Blitz November 15 Early 2022"]
[White "Antonova, Nadezhda"]
[Black "Budrewicz, Krzysztof"]
[WhiteFideId "14700182"]
[BlackFideId "1127950"]
[WhiteElo "1813"]
[BlackElo "2187"]
[Result "0-1"]
[Round "01"]
[TimeControl "180+1"]
[Date "2022.11.16"]
[WhiteClock "0:00:00"]
[BlackClock "0:01:52"]

1. Nf3 g6 2. d4 Bg7 3. g3 Nf6 4. Bg2 O-O 5. O-O d6 6. b3 a5 7. Bb2 a4 8. Re1 Nc6 9. Qc1 Bf5 10. Nc3 axb3 11. axb3 Rxa1 12. Bxa1 Ne4 13. e3 Qa8 14. Nh4 Nxc3 15. Nxf5 Na2 16. Nxe7+ Nxe7 17. Qb1 Nb4 18. c3 Nbc6 19. Bb2 d5 20. c4 Rd8 21. Qc2 Nb4 22. Qd2 Nec6 23. Bc3 Qa3 24. Qb2 Qxb2 25. Bxb2 Nd3 26. Re2 Nxb2 27. Rxb2 Nb4 28. Rb1 Bf6 29. Rc1 c6 30. Ra1 c5 31. cxd5 cxd4 32. exd4 Bxd4 33. Rd1 Bc5 34. h3 b6 35. Kh2 Bxf2 36. g4 Bc5 0-1


[Site "https://www.chess.com"]

[Event "Titled Tuesday Blitz November 15 Early 2022"]
[White "Aponte Ramos, Argimiro"]
[Black "Abrahamyan, Tatev"]
[WhiteFideId "3900568"]
[BlackFideId "13301918"]
[WhiteElo "2216"]
[BlackElo "2347"]
[Result "0-1"]
[Round "01"]
[TimeControl "180+1"]
[Date "2022.11.16"]
[WhiteClock "0:00:05"]
[BlackClock "0:00:15"]

1. e4 e6 2. d4 d5 3. e5 c5 4. c3 Nc6 5. Nf3 Qb6 6. Bd3 Bd7 7. O-O cxd4 8. cxd4 Nxd4 9. Nbd2 Rc8 10. Nxd4 Qxd4 11. Nf3 Qb6 12. b4 Bxb4 13. Rb1 Qa5 14. a3 Bc5 15. Rxb7 Bc6 16. Bd2 Qxa3 17. Rb3 Qa4 18. Qb1 Ne7 19. Rc1 Bb6 20. Rxc6 Nxc6 21. Bb5 Qe4 22. Qc1 d4 23. Bb4 Qd5 24. Ba4 h6 25. Bd6 Kd8 26. Rb5 Qe4 27. Nd2 Qd3 28. Rb3 Nxe5 29. Qd1 Qc2 30. Qxc2 Rxc2 31. Nf1 Nc4 32. Rxb6 axb6 33. Bxc2 Nxd6 0-1


[Site "https://www.chess.com"]

[Event "Titled Tuesday Blitz November 15 Early 2022"]
[White "Arbunic Castro, Giovanna"]
[Black "Buksa, Nataliya"]
[WhiteFideId "3400549"]
[BlackFideId "14123622"]
[WhiteElo "1889"]
[BlackElo "2313"]
[Result "0-1"]
[Round "01"]
[TimeControl "180+1"]
[Date "2022.11.16"]
[WhiteClock "0:00:28"]
[BlackClock "0:01:23"]

1. e4 c5 2. g3 Nc6 3. Bg2 g6 4. Ne2 Bg7 5. c3 d6 6. O-O e5 7. d3 Nge7 8. Be3 O-O 9. d4 exd4 10. cxd4 b6 11. Nbc3 Bb7 12. Qd2 cxd4 13. Nxd4 Ne5 14. b3 a6 15. Rad1 Qc7 16. Rc1 Qd7 17. Rfd1 Rfd8 18. h3 Rab8 19. f4 N5c6 20. Nd5 Nxd5 21. exd5 Nxd4 22. Bxd4 Qb5 23. Bxg7 Kxg7 24. Qd4+ Kg8 25. Rc7 Qe2 26. Rd2 Qe1+ 27. Kh2 Rf8 28. Rdc2 Bc8 29. Qf6 Bf5 30. Qc3 Qe8 31. Qc6 Bxc2 32. Qxc2 Rc8 33. Qc6 Qxc6 34. Rxc6 Rxc6 35. dxc6 Rc8 36. Bd5 Kf8 37. Kg2 Ke7 38. Kf3 Kd8 39. Ke4 Kc7 40. Kd4 Re8 41. Bxf7 Re2 42. Bd5 Rxa2 0-1


[Site "https://www.chess.com"]

[Event "Titled Tuesday Blitz November 15 Early 2022"]
[White "Artemenko, Oleg"]
[Black "Ilkhomi, Jaloliddin"]
[WhiteFideId "14201798"]
[BlackFideId "14700948"]
[WhiteElo "2287"]
[BlackElo "2045"]
[Result "1-0"]
[Round "01"]
[TimeControl "180+1"]
[Date "2022.11.16"]
[WhiteClock "0:01:57"]
[BlackClock "0:00:01"]

1. d4 Nf6 2. Nc3 d5 3. Bf4 c6 4. e3 Bf5 5. f3 e6 6. g4 Bg6 7. h4 h6 8. Bd3 Bxd3 9. Qxd3 Bd6 10. Nge2 Bxf4 11. Nxf4 Nbd7 12. O-O-O Qa5 13. g5 Ng8 14. g6 Ne7 15. gxf7+ Kxf7 16. Rhg1 e5 17. Nfe2 Rag8 18. e4 Ke8 19. f4 exf4 20. Nxf4 Kd8 21. exd5 Nxd5 22. Ncxd5 cxd5 23. Ne6+ Kc8 24. Qg3 g5 25. Rd3 gxh4 26. Rc3+ Nc5 27. Rxc5+ Kd7 28. Rc7+ Kxe6 29. Qe5# 1-0


[Site "https://www.chess.com"]

[Event "Titled Tuesday Blitz November 15 Early 2022"]
[White "Astafurov, Arseniy"]
[Black "Terry, Renato"]
[WhiteFideId "24175218"]
[BlackFideId "3803457"]
[WhiteElo "2163"]
[BlackElo "2577"]
[Result "0-1"]
[Round "01"]
[TimeControl "180+1"]
[Date "2022.11.15"]
[WhiteClock "0:00:53"]
[BlackClock "0:00:56"]

1. c4 e5 2. Nc3 Nc6 3. Nf3 Nf6 4. e3 Bb4 5. Qc2 O-O 6. Nd5 d6 7. Bd3 h6 8. a3 Bc5 9. O-O a5 10. b3 Bg4 11. Nxf6+ Qxf6 12. Be4 Rab8 13. Bb2 Rfe8 14. Rae1 Ba7 15. h3 Bd7 16. Bc3 Bb6 17. b4 axb4 18. axb4 g5 19. b5 Ne7 20. d4 Ng6 21. c5 dxc5 22. dxe5 Qe6 23. Rb1 Ne7 24. Rfd1 Red8 25. Nh2 Qc4 26. Ng4 Bxg4 27. hxg4 Qe6 28. Bh7+ Kf8 29. Bf5 Nxf5 30. gxf5 Qc4 31. f6 Kg8 32. Rxd8+ Rxd8 33. Rd1 Rxd1+ 34. Qxd1 Qxc3 35. Qd8+ Kh7 36. Qf8 Qa1+ 0-1


[Site "https://www.chess.com"]

[Event "Titled Tuesday Blitz November 15 Early 2022"]
[White "Aumann, Welf"]
[Black "Al-Tarboush, Ward"]
[WhiteFideId "4634071"]
[BlackFideId "7601450"]
[WhiteElo "2243"]
[BlackElo "2273"]
[Result "1/2-1/2"]
[Round "01"]
[TimeControl "180+1"]
[Date "2022.11.16"]
[WhiteClock "0:00:13"]
[BlackClock "0:01:05"]

1. c4 c5 2. g3 Nc6 3. Bg2 g6 4. Nc3 Bg7 5. a3 a6 6. Rb1 Rb8 7. b4 cxb4 8. axb4 b5 9. cxb5 axb5 10. Nf3 d5 11. d4 Bf5 12. Rb3 e6 13. Bf4 Rb7 14. h3 Nge7 15. O-O O-O 16. g4 Be4 17. e3 f5 18. Ng5 Bxg2 19. Kxg2 Qd7 20. Qe2 h6 21. Nf3 g5 22. Be5 Nxe5 23. Nxe5 Bxe5 24. dxe5 Ng6 25. gxf5 Rxf5 26. Ra3 Nxe5 27. Ra8+ Rf8 28. Rxf8+ Kxf8 29. Ra1 Qf7 30. Ra8+ Kg7 31. Nxb5 Nc4 32. Nd4 Rxb4 33. Qg4 Rb6 34. h4 Ne5 35. Qg3 Qf6 36. hxg5 Qxg5 37. Qxg5+ hxg5 38. Re8 Kf7 39. Rc8 Nd3 40. Rc7+ Kf6 41. Rc6 Rxc6 42. Nxc6 e5 43. f3 Ke6 44. Na5 Nc5 45. Nc6 Kd6 46. Nb4 d4 47. exd4 exd4 48. Kg3 d3 49. Nxd3 Nxd3 50. Kg4 Ne5+ 51. Kxg5 Nxf3+ 1/2-1/2


[Site "https://www.chess.com"]

[Event "Titled Tuesday Blitz November 15 Early 2022"]
[White "Avila Rodriguez, Joshua Ad"]
[Black "Salinas Herrera, Pablo"]
[WhiteFideId "5126444"]
[BlackFideId "3407128"]
[WhiteElo "2125"]
[BlackElo "2557"]
[Result "0-1"]
[Round "01"]
[TimeControl "180+1"]
[Date "2022.11.16"]
[WhiteClock "0:00:06"]
[BlackClock "0:01:25"]

1. e4 c5 2. Nf3 e6 3. d4 cxd4 4. Nxd4 a6 5. Bd3 Bc5 6. Nb3 Ba7 7. Qe2 Nc6 8. Be3 d6 9. Nc3 Nf6 10. O-O O-O 11. Rad1 e5 12. Bxa7 Rxa7 13. a4 Be6 14. Bc4 Qe7 15. a5 Raa8 16. Nd5 Bxd5 17. Bxd5 Rac8 18. c3 Qc7 19. Bxc6 Qxc6 20. Rfe1 Rfd8 21. Nd2 d5 22. exd5 Rxd5 23. Nf1 Rxa5 24. Ng3 g6 25. Rd2 Re8 26. Red1 Rd5 27. Rxd5 Nxd5 28. Qe4 Nf4 29. Qxc6 bxc6 30. Rd6 Rb8 31. b4 a5 32. Rxc6 axb4 33. cxb4 Rxb4 34. h3 h5 35. Rc8+ Kg7 36. Rc1 h4 37. Re1 hxg3 38. fxg3 Nd3 0-1


[Site "https://www.chess.com"]

[Event "Titled Tuesday Blitz November 15 Early 2022"]
[White "Baches Garcia, Guillermo"]
[Black "Maksimovic, Bojan"]
[WhiteFideId "2209764"]
[BlackFideId "14408120"]
[WhiteElo "2430"]
[BlackElo "2447"]
[Result "0-1"]
[Round "01"]
[TimeControl "180+1"]
[Date "2022.11.16"]
[WhiteClock "0:00:16"]
[BlackClock "0:00:45"]

1. e4 d6 2. d4 Nf6 3. f3 e5 4. Ne2 Be7 5. c4 O-O 6. Nbc3 c6 7. Be3 Nbd7 8. Qd2 a6 9. g4 b5 10. g5 Nh5 11. Ng3 Nf4 12. h4 b4 13. Nce2 Ne6 14. Nf5 g6 15. Nxe7+ Qxe7 16. Qxb4 exd4 17. Bf2 Ne5 18. Ng1 c5 19. Qd2 Rb8 20. b3 Bd7 21. f4 Ng4 22. Bd3 Bc6 23. Nh3 Ng7 24. Qe2 Nxf2 25. Nxf2 Rfe8 26. Kd2 a5 27. h5 a4 28. hxg6 fxg6 29. Ng4 Rf8 30. Nf6+ Rxf6 31. gxf6 Qxf6 32. Qh2 Nh5 33. f5 axb3 34. axb3 Rxb3 35. Rab1 Qg5+ 36. Kc2 Rc3+ 37. Kb2 Rxd3 38. Qxd6 Qd2+ 0-1


[Site "https://www.chess.com"]

[Event "Titled Tuesday Blitz November 15 Early 2022"]
[White "Bacrot, Etienne"]
[Black "Gheorghiu, Calin"]
[WhiteFideId "605506"]
[BlackFideId "1200305"]
[WhiteElo "2666"]
[BlackElo "2225"]
[Result "1-0"]
[Round "01"]
[TimeControl "180+1"]
[Date "2022.11.16"]
[WhiteClock "0:00:13"]
[BlackClock "0:00:01"]

1. e4 e6 2. Nc3 d5 3. d4 Bb4 4. e5 c5 5. Bd2 a6 6. Qg4 Ne7 7. dxc5 Bxc3 8. Bxc3 Nf5 9. Bd3 h5 10. Qf4 Nc6 11. Nf3 h4 12. O-O-O Nce7 13. g4 Ng6 14. Qd2 Nfe7 15. Ng5 Bd7 16. f4 Qc7 17. Rhe1 Rf8 18. f5 exf5 19. gxf5 Bxf5 20. Bxf5 Nxf5 21. Qxd5 Nge7 22. Qf3 Qc6 23. Ne4 Rh8 24. e6 fxe6 25. Qg4 Rd8 26. Nd6+ Nxd6 27. cxd6 Rxd6 28. Qxg7 Rg8 29. Qe5 Rxd1+ 30. Rxd1 Nd5 31. Qh5+ Kd7 32. Qh7+ Kd6 33. Qxg8 Qc5 34. Qf8+ 1-0


[Site "https://www.chess.com"]

[Event "Titled Tuesday Blitz November 15 Early 2022"]
[White "Balint, Vilmos"]
[Black "Tsaruk, Maksim"]
[WhiteFideId "718050"]
[BlackFideId "13511173"]
[WhiteElo "2183"]
[BlackElo "2300"]
[Result "0-1"]
[Round "01"]
[TimeControl "180+1"]
[Date "2022.11.16"]
[WhiteClock "0:00:56"]
[BlackClock "0:00:50"]

1. e4 c6 2. d4 d5 3. e5 Bf5 4. Nf3 e6 5. Be2 Nd7 6. O-O h6 7. b3 Ne7 8. c4 g5 9. Nc3 Bg7 10. Be3 Qa5 11. Qd2 Bg6 12. Bd3 Nf5 13. Rac1 a6 14. Kh1 Qd8 15. cxd5 cxd5 16. Na4 g4 17. Ng1 h5 18. Nc5 Nxe3 19. fxe3 Bxd3 20. Qxd3 Nxc5 21. Rxc5 Rc8 22. Rfc1 Rxc5 23. Rxc5 O-O 24. Qc2 f6 25. exf6 Qxf6 26. Rc7 Qf5 27. Qxf5 Rxf5 28. Re7 Rf6 29. Ne2 Bh6 30. h3 Bxe3 31. hxg4 hxg4 32. Rxb7 Rh6# 0-1


[Site "https://www.chess.com"]

[Event "Titled Tuesday Blitz November 15 Early 2022"]
[White "Barbashin, Igor"]
[Black "Safin, Robert"]
[WhiteFideId "4155718"]
[BlackFideId "34189120"]
[WhiteElo "2138"]
[BlackElo "2253"]
[Result "0-1"]
[Round "01"]
[TimeControl "180+1"]
[Date "2022.11.16"]
[WhiteClock "0:00:01"]
[BlackClock "0:00:06"]

1. d4 Nf6 2. c4 e6 3. Nc3 d5 4. Nf3 c5 5. e3 cxd4 6. Nxd4 Be7 7. cxd5 Nxd5 8. Nxd5 Qxd5 9. Qb3 Qxb3 10. Nxb3 Bd7 11. Bd2 Nc6 12. Bc3 O-O 13. Be2 Rac8 14. O-O Rfd8 15. Rad1 Be8 16. Rxd8 Rxd8 17. Rd1 Rc8 18. Bf3 b6 19. h3 Kf8 20. g4 Nb4 21. Bxb4 Bxb4 22. Rc1 Rxc1+ 23. Nxc1 Ke7 24. Be2 Bd6 25. Nd3 Kd7 26. Nf4 Kc7 27. b3 Bxf4 28. exf4 Kd6 29. Kf1 Kc5 30. Ke1 Kb4 31. Kd2 Ka3 32. Kc3 Kxa2 33. b4 Ka3 34. Bd3 h6 35. g5 a5 36. bxa5 bxa5 37. h4 f6 38. gxh6 gxh6 39. f5 exf5 40. Bxf5 Ka4 41. Bd3 Bb5 42. Bc2+ Ka3 43. f4 Bc6 44. Bf5 a4 45. Bc2 Ka2 46. Bd3 a3 0-1


[Site "https://www.chess.com"]

[Event "Titled Tuesday Blitz November 15 Early 2022"]
[White "Beerdsen, Thomas"]
[Black "Player, Edmund C"]
[WhiteFideId "1030108"]
[BlackFideId "406520"]
[WhiteElo "2567"]
[BlackElo "2103"]
[Result "1-0"]
[Round "01"]
[TimeControl "180+1"]
[Date "2022.11.16"]
[WhiteClock "0:00:32"]
[BlackClock "0:00:08"]

1. e4 e5 2. Bc4 Nf6 3. d3 Nc6 4. Nc3 Na5 5. Nge2 c6 6. O-O b5 7. Bb3 Bc5 8. Ng3 d6 9. Nh5 Nxh5 10. Qxh5 Qf6 11. Be3 Bb6 12. Bxb6 axb6 13. Ne2 Qg6 14. Qf3 Bg4 15. Bxf7+ Ke7 16. Bxg6 Bxf3 17. gxf3 hxg6 18. Kg2 g5 19. Rh1 Rh4 20. a3 Nb7 21. Rag1 Nc5 22. Kf1 Ne6 23. Rg4 Rf8 24. Kg2 g6 25. c3 Rfh8 26. d4 c5 27. d5 Nf4+ 28. Nxf4 Rxg4+ 29. fxg4 exf4 30. h4 Kf6 31. hxg5+ Kg7 32. Rxh8 Kxh8 33. Kf3 Kg7 34. Kxf4 1-0


[Site "https://www.chess.com"]

[Event "Titled Tuesday Blitz November 15 Early 2022"]
[White "Besedes, Danilo"]
[Black "Indjic, Aleksandar"]
[WhiteFideId "946796"]
[BlackFideId "911925"]
[WhiteElo "2352"]
[BlackElo "2592"]
[Result "0-1"]
[Round "01"]
[TimeControl "180+1"]
[Date "2022.11.15"]
[WhiteClock "0:00:20"]
[BlackClock "0:00:58"]

1. Nf3 g6 2. g3 Bg7 3. Bg2 e5 4. d3 d5 5. O-O Ne7 6. c4 c6 7. Nc3 O-O 8. Bd2 h6 9. cxd5 cxd5 10. e4 d4 11. Nb5 a6 12. Na3 b5 13. Rc1 Nbc6 14. Nc2 a5 15. b4 Be6 16. bxa5 Qd6 17. Rb1 Rfb8 18. a3 Nxa5 19. Nb4 Nac6 20. Qc1 Kh7 21. Qb2 Na5 22. Rfc1 Nb3 23. Rc2 Nxd2 24. Nxd2 h5 25. Nb3 Rc8 26. Rbc1 Bh6 27. Rxc8 Rxc8 28. Rxc8 Nxc8 29. Bf1 Nb6 30. Be2 Na4 31. Qc2 Nc3 32. Bf1 h4 33. Bg2 h3 34. Bf3 Qd7 35. Qb2 Bg4 36. Nd2 Bxd2 0-1


[Site "https://www.chess.com"]

[Event "Titled Tuesday Blitz November 15 Early 2022"]
[White "Bluebaum, Matthias"]
[Black "Miszler, Levente"]
[WhiteFideId "24651516"]
[BlackFideId "763276"]
[WhiteElo "2633"]
[BlackElo "2176"]
[Result "1-0"]
[Round "01"]
[TimeControl "180+1"]
[Date "2022.11.15"]
[WhiteClock "0:02:31"]
[BlackClock "0:00:09"]

1. d4 e6 2. c4 Nf6 3. Nc3 d5 4. cxd5 exd5 5. Bg5 c6 6. e3 Be7 7. Bd3 O-O 8. h3 h6 9. Bf4 Re8 10. Qc2 Nbd7 11. Nf3 Nf8 12. Bh2 Bd6 13. Ne5 Qc7 14. Rc1 a6 15. O-O N8d7 16. f4 c5 17. Qf2 cxd4 18. exd4 Qb6 19. Kh1 Nf8 20. f5 N8d7 21. Nxd5 Nxd5 22. Nc4 Qb4 23. Nxd6 Rf8 24. a3 Qa4 25. Rc4 Qa5 26. Rfc1 N7b6 27. Rc5 Qa4 28. Be4 Nf6 29. Bf3 Rd8 30. Be5 Bd7 31. Qg3 1-0


[Site "https://www.chess.com"]

[Event "Titled Tuesday Blitz November 15 Early 2022"]
[White "Bok, Benjamin"]
[Black "Perez Rodriguez, Jennifer"]
[WhiteFideId "1017063"]
[BlackFideId "3507831"]
[WhiteElo "2658"]
[BlackElo "2170"]
[Result "1-0"]
[Round "01"]
[TimeControl "180+1"]
[Date "2022.11.15"]
[WhiteClock "0:00:18"]
[BlackClock "0:00:23"]

1. c4 c6 2. Nf3 d5 3. d4 Nf6 4. cxd5 cxd5 5. Nc3 Nc6 6. Bf4 a6 7. Rc1 Bg4 8. Ne5 Bf5 9. e3 Rc8 10. Be2 e6 11. g4 Be4 12. f3 Bg6 13. h4 h5 14. Nxg6 fxg6 15. Bd3 Kf7 16. g5 Ng8 17. Kf2 Bd6 18. Ne2 Nge7 19. Qb3 Rc7 20. Rc3 Nf5 21. Bxf5 gxf5 22. Rhc1 Qd7 23. Qb6 Bxf4 24. Nxf4 g6 25. Nd3 Kg7 26. Ne5 Qd6 27. f4 Rhc8 28. b4 Re7 29. Nxc6 Rxc6 30. Rxc6 bxc6 31. Rxc6 Qd7 32. Qxa6 Qd8 33. Rxe6 Rxe6 34. Qxe6 Qa8 35. Qd7+ Kh8 36. a4 Qa6 37. Qb5 Qc8 38. Qc5 Qa6 39. Qc2 Qb6 40. b5 Qa5 41. Qb2 Qxa4 42. b6 Qd1 43. b7 1-0


[Site "https://www.chess.com"]

[Event "Titled Tuesday Blitz November 15 Early 2022"]
[White "Bommini, Mounika Akshaya"]
[Black "Mladenovic, Stefan"]
[WhiteFideId "25019872"]
[BlackFideId "942227"]
[WhiteElo "2060"]
[BlackElo "2337"]
[Result "0-1"]
[Round "01"]
[TimeControl "180+1"]
[Date "2022.11.16"]
[WhiteClock "0:00:38"]
[BlackClock "0:01:22"]

1. e4 c5 2. Nc3 g6 3. g3 Bg7 4. Bg2 Nc6 5. d3 d6 6. Be3 Nf6 7. h3 O-O 8. Qd2 Re8 9. Nge2 Rb8 10. Bh6 Bh8 11. O-O b5 12. Nd1 b4 13. Qe3 Nd7 14. c3 bxc3 15. bxc3 Ba6 16. Qd2 Qa5 17. Ne3 Nde5 18. Nf4 Nxd3 19. Nxd3 Bxc3 20. Qd1 Bxa1 21. Qxa1 Nd4 22. Rd1 Qa3 23. Nc2 Qxd3 24. Rxd3 Bxd3 25. Na3 Rb6 26. Qc3 Ne2+ 0-1


[Site "https://www.chess.com"]

[Event "Titled Tuesday Blitz November 15 Early 2022"]
[White "Boros, Denes"]
[Black "Heinemann, Josefine"]
[WhiteFideId "722340"]
[BlackFideId "12900460"]
[WhiteElo "2464"]
[BlackElo "2300"]
[Result "1-0"]
[Round "01"]
[TimeControl "180+1"]
[Date "2022.11.16"]
[WhiteClock "0:02:01"]
[BlackClock "0:00:57"]

1. d4 d5 2. Nc3 Nf6 3. Nf3 c5 4. Bg5 cxd4 5. Bxf6 gxf6 6. Qxd4 Nc6 7. Qxd5 Be6 8. Qb5 Qc7 9. Nd4 Bd7 10. Nd5 Qd6 11. Qxb7 Rb8 12. Nc7+ 1-0


[Site "https://www.chess.com"]

[Event "Titled Tuesday Blitz November 15 Early 2022"]
[White "Bulatova, Kamaliya"]
[Black "Gubajdullin, Alexei"]
[WhiteFideId "34111546"]
[BlackFideId "4141202"]
[WhiteElo "2039"]
[BlackElo "2230"]
[Result "0-1"]
[Round "01"]
[TimeControl "180+1"]
[Date "2022.11.16"]
[WhiteClock "0:00:04"]
[BlackClock "0:02:12"]

1. d4 Nf6 2. Bf4 d6 3. e3 Nbd7 4. Nf3 Nh5 5. Bg5 h6 6. Bh4 g5 7. Bg3 Bg7 8. c3 a6 9. a4 b6 10. Qb3 e6 11. Bc4 Bb7 12. Bxe6 fxe6 13. Qxe6+ Qe7 14. Qg6+ Qf7 15. Qxf7+ Kxf7 16. Nbd2 Nxg3 17. hxg3 Rhe8 18. O-O-O Nf6 19. a5 Ng4 20. Rdf1 bxa5 21. Nc4 Be4 22. Nxa5 Bd3 23. Re1 Nxf2 24. Rh5 Bg6 25. Rh2 Nd3+ 26. Kd2 Nxe1 27. Kxe1 Rxe3+ 28. Kd2 Rd3+ 0-1


[Site "https://www.chess.com"]

[Event "Titled Tuesday Blitz November 15 Early 2022"]
[White "Buscar, Michael"]
[Black "Matinian, Nikita"]
[WhiteFideId "2603616"]
[BlackFideId "24129100"]
[WhiteElo "2010"]
[BlackElo "2422"]
[Result "0-1"]
[Round "01"]
[TimeControl "180+1"]
[Date "2022.11.16"]
[WhiteClock "0:00:26"]
[BlackClock "0:02:03"]

1. Nf3 Nf6 2. g3 d5 3. Bg2 g6 4. c4 d4 5. d3 Bg7 6. O-O a5 7. Na3 O-O 8. Nc2 c5 9. e4 Nc6 10. a4 e5 11. Nfe1 Ne8 12. f4 f5 13. Ra3 Nf6 14. fxe5 Nxe5 15. Bg5 fxe4 16. Bxe4 Bh3 17. Rf4 Qb6 18. Bxf6 Rxf6 19. Bd5+ Kh8 20. Rxf6 Qxf6 21. Qe2 Rf8 22. Bg2 Bg4 23. Qe4 Qf2+ 24. Kh1 Nf3 25. Nxf3 Bxf3 26. Bxf3 Qf1# 0-1


[Site "https://www.chess.com"]

[Event "Titled Tuesday Blitz November 15 Early 2022"]
[White "Calcada, Lucas Galvan"]
[Black "Donskov, Anatoly"]
[WhiteFideId "22746099"]
[BlackFideId "24143413"]
[WhiteElo "1523"]
[BlackElo "2219"]
[Result "0-1"]
[Round "01"]
[TimeControl "180+1"]
[Date "2022.11.16"]
[WhiteClock "0:00:11"]
[BlackClock "0:00:04"]

1. d4 d5 2. c4 dxc4 3. Nf3 Nf6 4. Bg5 Ne4 5. Bf4 e6 6. e3 Bb4+ 7. Nfd2 Nxd2 8. Nxd2 c3 9. bxc3 Bxc3 10. Rc1 Bxd2+ 11. Qxd2 c6 12. Qb4 Nd7 13. a4 Nb6 14. Qa3 Nd5 15. Bd6 Qa5+ 16. Ke2 h5 17. e4 Nf6 18. f3 h4 19. Rc5 Qd8 20. e5 Nd5 21. Kf2 Qg5 22. Be2 Nf4 23. Rg1 Nd5 24. a5 f5 25. a6 Kf7 26. Rb1 b5 27. Rxc6 Bd7 28. Rc5 Nf4 29. Bf1 Rhc8 30. Rbc1 Nd5 31. Bxb5 Qd2+ 32. Kg1 Bxb5 33. h3 Ne3 34. Rc7+ Rxc7 35. Rxc7+ Kg6 36. Qxe3 Qxe3+ 37. Kh2 Qf2 38. Bf8 Rxf8 39. Rxa7 Bf1 0-1


[Site "https://www.chess.com"]

[Event "Titled Tuesday Blitz November 15 Early 2022"]
[White "Caruana, Fabiano"]
[Black "Kuznetsova, Olga"]
[WhiteFideId "2020009"]
[BlackFideId "4191323"]
[WhiteElo "2847"]
[BlackElo "2134"]
[Result "1-0"]
[Round "01"]
[TimeControl "180+1"]
[Date "2022.11.15"]
[WhiteClock "0:00:13"]
[BlackClock "0:00:04"]

1. d4 Nf6 2. c4 e6 3. Bf4 d5 4. cxd5 exd5 5. Nc3 c6 6. e3 Be7 7. Nf3 O-O 8. Bd3 Nbd7 9. O-O Re8 10. h3 Nf8 11. Ne5 g6 12. Bh2 Nh5 13. f4 f5 14. g4 Ng7 15. g5 Nd7 16. h4 Nxe5 17. fxe5 Be6 18. Ne2 Nh5 19. Nf4 Nxf4 20. Bxf4 Rc8 21. Qb3 Qb6 22. Kf2 Qxb3 23. axb3 a6 24. h5 Kf7 25. Rh1 Rh8 26. Rh2 Kg7 27. Rah1 Rcd8 28. Ke2 Rc8 29. Kd2 Rcd8 30. Be2 Rc8 31. hxg6 hxg6 32. Rh6 Rxh6 33. gxh6+ Kh7 34. Bd3 Rg8 35. Bg3 g5 36. Kc3 Kg6 37. Be2 g4 38. Bf4 Bg5 39. Kb4 Rh8 40. Kc5 Rh7 41. Kd6 Bc8 42. Bd3 Bd8 43. Rg1 Bc7+ 44. Kc5 Bd7 45. Rxg4+ Kf7 46. Rg7+ Rxg7 47. hxg7 Be6 48. Bh6 a5 49. b4 a4 50. b5 Bd7 51. b6 Bd8 52. Kd6 Be8 53. e6+ Kg8 54. Bxf5 Bxb6 55. Ke7 Bh5 56. Kf6 Bd8+ 57. e7 1-0


[Site "https://www.chess.com"]